 Dungeon Crawl Stone Soup version 0.27-a0-1280-g9d2d252d84 (webtiles) character file.

Game seed: 16447130490630110355

2278 Delamore the Spear-Bearer (level 9, -2/68 HPs)
             Began as a Formicid Fighter on June 13, 2021.
             Slain by a smoke demon (5 damage)
             ... summoned by an orc high priest
             ... in a bailey.
             The game lasted 00:09:01 (7465 turns).

Delamore the Spear-Bearer (Formicid Fighter)        Turns: 7465, Time: 00:09:01

Health: -2/68      AC: -7    Str: 25    XL:     9   Next: 66%
Magic:  9/9        EV: 13    Int:  7    God:
Gold:   238        SH: 10    Dex: 10    Spells: 8/8 levels left

rFire    + . .     SeeInvis +   a - +0 trident
rCold    . . .     Faith    .   c - +1 kite shield
rNeg     . . .     Spirit   .   b - +0 scale mail
rPois    .         Reflect  .   (helmet unavailable)
rElec    .         Harm     .   n - +0 cloak
rCorr    .         Rampage  .   (no gloves)
Will     .....                  (no boots)
Stlth    ..........             f - amulet of regeneration
HPRegen  1.21/turn              t - +4 ring of evasion
MPRegen  0.11/turn              A - ring of protection from fire

@: mighty, corroded, studying Dodging
A: permanent stasis, dig shafts and tunnels, antennae 3, four strong arms
a: Dig


You were in a bailey.
You visited 2 branches of the dungeon, and saw 8 of its levels.
You also visited: Bailey.

You collected 410 gold pieces.
You spent 172 gold pieces at shops.

Inventory:

Hand Weapons
 a - a +0 trident (weapon)
 l - a +2 whip of electrocution
 s - a +0 halberd
Missiles
 i - 39 poisoned darts (quivered)
 r - 16 boomerangs
 y - 2 throwing nets
Armour
 b - a +0 scale mail (worn)
 c - a +1 kite shield (worn)
 n - a +0 cloak (worn)
Jewellery
 f - an amulet of regeneration (around neck)
 k - an amulet of magic regeneration
 q - a ring of fire
 t - a +4 ring of evasion (left hand)
 A - a ring of protection from fire (right hand)
 C - a ring of magical power
Scrolls
 j - a scroll of enchant armour
 v - a scroll of noise
 w - a scroll of immolation
 B - a scroll of fog
Potions
 d - a potion of might
 e - 3 potions of degeneration
 h - a potion of attraction
 o - a potion of invisibility
 p - a potion of flight
 x - a potion of curing


   Skills:
 - Level 5.0 Fighting
 * Level 11.1 Polearms
 - Level 3.2 Armour
 - Level 5.0 Dodging
 - Level 3.6 Shields


You had 8 spell levels left.
You didn't know any spells.
Your spell library contained the following spells:

 Spells                   Type           Power      Damage    Failure   Level
 Sandblast                Erth           0%         2d4       98%         1
 Summon Small Mammal      Summ           0%         N/A       98%         1
 Call Imp                 Summ           0%         N/A       99%         2
 Passwall                 Tmut/Erth      0%         N/A       99%         2
 Call Canine Familiar     Summ           0%         N/A       100%        3
 Stone Arrow              Conj/Erth      0%         3d7       100%        3
 Summon Guardian Golem    Hex/Summ       0%         N/A       100%        3
 Petrify                  Tmut/Erth      0%         N/A       100%        4
 Summon Ice Beast         Ice/Summ       0%         N/A       100%        4
 Summon Lightning Spire   Summ/Air       0%         N/A       100%        4
 Lee's Rapid Deconstruct  Erth           0%         3d5*      100%        5


Dungeon Overview and Level Annotations

Branches:
Dungeon (7/15)             Temple (1/1) D:6          Bailey (1/1)

Altars:
Cheibriados
Elyvilon
Fedhas
Kikubaaqudgha
Okawaru
Trog
Uskayaw
Xom
Zin
The Shining One

Shops:
D:1 =[(**

Annotations:
D:4 2 transporters, Glokmah's ghost, amateur TrMo


Innate Abilities, Weirdness & Mutations

You cannot be hasted, slowed, berserked, paralysed or teleported.
You can dig through walls and to a lower floor.
You have a pair of large antennae on your head. (SInv)
Your four strong arms can wield two-handed weapons with a shield.


Message History

The orc high priest prays to Beogh.
The gnoll barely misses you.
You closely miss the orc high priest.
The orc high priest is heavily wounded.
The orc high priest splashes around in the water.
You block the gnoll's attack.
You hit the orc high priest.
The orc high priest is heavily wounded.
The orc high priest hits you with a +0 war axe.
* * * LOW HITPOINT WARNING * * *
The gnoll hits you with a +0 hand axe.
* * * LOW HITPOINT WARNING * * *
You feel better.
The orc high priest splashes around in the water.
You block the hellwing's attack. x2; You block the gnoll's attack.
You feel better. The orc high priest barely misses you.
You block the hellwing's attack. x2; The gnoll hits you with a +0 hand axe.
* * * LOW HITPOINT WARNING * * *
You feel better.
The orc high priest splashes around in the water.
The hellwing barely misses you. The hellwing hits you!
* * * LOW HITPOINT WARNING * * *
You block the gnoll's attack.
As you read the scroll of fear, it crumbles to dust.
You assume a fearsome visage.
The hellwing is unaffected.
The smoke demon is unaffected.
The gnoll looks frightened!
The orc high priest looks frightened!
The hellwing closely misses you. You block the hellwing's attack.
Throw: 40 darts (poison)
Press: ? - help, Q - select action, (/) - cycle Shift-Dir - straight line, f/p - orc high priest
Aim: an orc high priest, wielding a +0 war axe and wearing a +0 ring mail (heavily wounded, fleeing, 53% to hit)
You throw a poisoned dart.
The poisoned dart closely misses the orc high priest.
You block the hellwing's attack. The hellwing hits you!
* * * LOW HITPOINT WARNING * * *
The gnoll mumbles, "Damn and blast!"; The orc high priest cries, "Mercy!"
The smoke demon hits you.
* * * LOW HITPOINT WARNING * * *
The smoke demon hits you.
You die...

#≈≈≈≈≈# #≈≈≈≈≈# #######+#
#≈≈≈≈≈#{{ #.......#{{
#≈≈≈≈≈# #.8.8.8.+{{
#≈≈≈≈≈######.5.3...#
#≈≈≈≈≈≈.#.....{#)...#
######.≈≈≈≈≈.#......#35..#..
#......≈≈≈≈4@#''#####....#..
###......≈≈≈≈≈3#5....#
....#..
#.............('.....# ..).#
# #∩..∩......o..))g.⌠..#
.._.# #..............).....#
....# ###......≈≈≈≈≈.#.....#
#.....(≈≈≈≈≈.#++####
######.≈≈≈≈≈.# #≈≈≈≈≈≈.#


You could see an orc high priest (fleeing), a hellwing (summoned), a smoke demon
(summoned) and a gnoll (fleeing).

Vanquished Creatures
  An orc high priest (Bailey)
  A water moccasin (D:6)
  A sky beast (D:5)
  2 orc warriors
  A necrophage (D:5)
  2 centaurs (D:5)
  A gnoll sergeant (D:6)
  A water moccasin zombie (D:6)
  A wyvern zombie (D:4)
  A scorpion (D:4)
  A water moccasin skeleton (D:4)
  An electric eel (Bailey)
  A howler monkey (D:6)
  A centaur zombie (D:4)
  2 orc priests (D:6)
  A gnoll shaman (D:5)
  A hound (D:4)
  3 jellies
  2 orc wizards (D:6)
  Crazy Yiuf (D:3)
  2 iguanas
  A hound skeleton (D:4)
  8 adders
  12 gnolls
  2 white imps (D:6)
  3 worms
  A dart slug (D:1)
  12 orcs
  9 ball pythons
  12 bats
  9 endoplasms
  2 giant cockroaches
  12 goblins
  12 hobgoblins
  12 frilled lizards
  8 kobolds
  11 rats
154 creatures vanquished.

Vanquished Creatures (others)
  9 fungi
9 creatures vanquished.

Grand Total: 163 creatures vanquished

Notes
Turn   | Place    | Note
-------+----------+-------------------------------------------
     0 | D:1      | Delamore the Formicid Fighter began the quest for the Orb.
     0 | D:1      | Reached XP level 1. HP: 18/18 MP: 1/1
     7 | D:1      | Found Raemyuz's Weapon Shoppe.
   206 | D:1      | Reached XP level 2. HP: 24/24 MP: 2/2
   232 | D:1      | Found Tufucium's General Store.
   457 | D:1      | Found Hug Feesuo's Antique Armour Shoppe.
   473 | D:1      | Reached XP level 3. HP: 30/30 MP: 3/3
   534 | D:1      | Reached skill level 3 in Polearms
   622 | D:1      | Found Hayniuto's Assorted Antiques.
   680 | D:1      | Found a faded altar of an unknown god.
   801 | D:1      | Found Edoykoas's Jewellery Boutique.
  1036 | D:2      | Reached XP level 4. HP: 23/37 MP: 4/4
  1698 | D:2      | Reached skill level 4 in Polearms
  2012 | D:3      | Reached XP level 5. HP: 42/42 MP: 5/5
  2372 | D:3      | Found a runed translucent door.
  2373 | D:3      | Noticed Crazy Yiuf
  2970 | D:4      | Found a transporter.
  2970 | D:4      | Noticed an ogre
  2970 | D:4      | Noticed Glokmah's ghost (amateur TrMo)
  3027 | D:4      | Reached skill level 5 in Polearms
  3027 | D:4      | Reached XP level 6. HP: 33/50 MP: 6/6
  3039 | D:4      | Reached skill level 5 in Fighting
  3416 | D:4      | Reached skill level 6 in Polearms
  3416 | D:4      | Reached XP level 7. HP: 9/56 MP: 7/7
  3890 | D:4      | Found a transporter.
  4563 | D:1      | Bought a scroll of fear for 35 gold pieces
  4563 | D:1      | Bought a scroll of identify for 20 gold pieces
  4563 | D:1      | Bought a scroll of noise for 10 gold pieces
  4563 | D:1      | Bought a scroll of immolation for 35 gold pieces
  4576 | D:1      | Bought a sapphire potion for 24 gold pieces
  4576 | D:1      | Bought a fuming black potion for 24 gold pieces
  4576 | D:1      | Bought a fuming black potion for 24 gold pieces
  4821 | D:3      | Killed Crazy Yiuf
  4955 | D:5      | Entered Level 5 of the Dungeon
  4978 | D:5      | Reached skill level 7 in Polearms
  5007 | D:5      | Reached XP level 8. HP: 55/62 MP: 8/8
  5508 | D:5      | Found a white marble altar of Elyvilon.
  5528 | D:5      | Reached skill level 8 in Polearms
  5528 | D:5      | Reached skill level 1 in Dodging
  6055 | D:6      | Found a staircase to the Ecumenical Temple.
  6064 | Temple   | Entered the Ecumenical Temple
  6430 | D:6      | Reached skill level 9 in Polearms
  6683 | D:6      | Reached XP level 9. HP: 68/68 MP: 9/9
  7198 | D:6      | Reached skill level 5 in Dodging
  7267 | D:7      | Found a flagged portal.
  7304 | Bailey   | Entered a bailey
  7396 | Bailey   | Reached skill level 10 in Polearms
  7421 | Bailey   | Found an iron altar of Okawaru.
  7421 | Bailey   | Noticed an orc high priest
  7421 | Bailey   | Noticed an orc high priest
  7425 | Bailey   | Noticed a rust devil
  7425 | Bailey   | Noticed a rust devil
  7426 | Bailey   | Killed an orc high priest
  7427 | Bailey   | Reached skill level 11 in Polearms
  7452 | Bailey   | HP: 3/68 [orc high priest (15)]
  7457 | Bailey   | Noticed a hellwing
  7459 | Bailey   | Noticed a smoke demon
  7465 | Bailey   | HP: 3/68 [smoke demon[an orc high priest] (5)]
  7465 | Bailey   | Slain by a smoke demon

Illustrated notes

Levels and vault maps discovered:
D:1:      minmay_arrival_four_circles, layout_basic, serial_shops,
          nicolae_shop_behind_doors, shop_fountains, nicolae_shop_trees, shop,
          shop, hellmonk_ecumenical_altar_arch_garden
D:2:      layout_loops_ring
D:3:      layout_loops_ring, uniq_crazy_yiuf_cottage
D:4:      layout_loops_corners, gammafunk_ghost_smash
D:5:      layout_basic, nicolae_elyvilon_peaceful_grove,
          hangedman_abyss_or_decor_stabs, minmay_manual_mares
D:6:      layout_loops_cross, minmay_temple_entry_sparse_star, serial_aquarium,
          aquarium_bridge_square [aquarium_subvault_bridge,
          aquarium_subvault_wall, aquarium_subvault_bridge,
          aquarium_subvault_window], aquarium_window_2, aquarium_window_corner,
          aquarium_window_corner, aquarium_view_2d, aquarium_balcony_3b,
          abandoned_shop
D:7:      layout_gridville, enter_bailey_5
Temple:   compressed_dpeg_triangle_lava_temple
Bailey:   bailey_axe_of_yendor_kennysheep, bailey

Skill      XL: |  1  2  3  4  5  6  7  8  9 |
---------------+----------------------------+-----
Polearms       | 3 4 5 6 7 9 11 | 11.1
Fighting       | 4 5 |  5.0
Dodging        | 4 5 |  5.0
Armour         | |  3.2
Shields        | |  3.6

Action                   |  1- 3 |  4- 6 |  7- 9 || total
-------------------------+-------+-------+-------++-------
Melee: Trident           |    86 |   189 |   376 ||   651
Throw: Dart              |       |     9 |    19 ||    28
 Abil: Dig               |       |     2 |    11 ||    13
Evoke: Wand              |       |       |     8 ||     8
  Use: Scroll            |       |       |    14 ||    14
       Potion            |       |       |     7 ||     7
Armor: Scale mail        |    17 |    44 |   101 ||   162
Dodge: Dodged            |    15 |    35 |   196 ||   246
Block: Kite shield       |    29 |    66 |   236 ||   331

Table legend: (Time is in decaauts)
 A = Elapsed time spent in this place.
 B = Non-inter-level travel time spent in this place.
 C = Inter-level travel time spent in this place.
 D = Time resting spent in this place.
 E = Time spent auto-exploring this place.
 F = Levels seen in this place.
 G = Mean time per level.
                   A        B        C        D        E       F      G
               +--------+--------+--------+--------+--------+-----+--------+
         Total |   7576 |   6991 |    585 |    667 |   4991 |   9 |  841.8 |
       Dungeon |   7117 |   6536 |    581 |    625 |   4687 |   7 | 1016.7 |
        Temple |    297 |    293 |      4 |      0 |    292 |   1 |  297.0 |
        Bailey |    161 |    161 |      0 |     42 |     12 |   1 |  161.0 |
               +--------+--------+--------+--------+--------+-----+--------+

Top non-repeatable levels by time:
     D:4: 1545 daAuts
     D:1: 1297 daAuts
     D:2: 1215 daAuts
     D:6: 1132 daAuts
     D:3: 992 daAuts
     D:5: 850 daAuts
  Temple: 297 daAuts
  Bailey: 161 daAuts
     D:7: 83 daAuts
